AoeStats
← CazadorGT

Arabia

505762022Analyzed
4v4 RM · 23d ago on Sep 10, 2026· 54m 26s· 8 players
Game mode
Random Map
Map size
Large (8 player)
Population
200
Speed
Normal
Resources
Standard
Victory
Conquest
Starting age
Dark Age
Ending age
Imperial Age
RankedLock teamsTeams togetherTeam positionsShared explorationLock speedFull tech treeHidden civsTurbo modeCheats
Victory
Defeat
🇻🇪 Persians · Venezuela
1100
+15
🇬🇹 Saracens · Guatemala
1038
+18
982
+20
🇮🇹 Lithuanians · Italy
947
+21
🇲🇽 Magyars · Mexico
1128
-21
1065
-18
🇲🇽 Persians · Mexico
1059
-18
🇷🇺 Wu · Russia
1035
-17
Puerco de Monte
7:58 Loom
10:21 Feudal Age
19:42 Fletching
20:53 Padded Archer Armor
30:50 Double-Bit Axe
38:28 Castle Age
42:13 Castle Age
44:11 Bow Saw
DodoUltimo
6:14 Loom
10:24 Feudal Age
11:14 Double-Bit Axe
11:10 Horse Collar
14:52 Forging
14:49 Scale Barding Armor
15:58 Forging
17:04 Bloodlines
19:28 Wheelbarrow
24:19 Castle Age
22:59 Gold Mining
25:11 Chain Barding Armor
25:22 Husbandry
28:52 Gold Shaft Mining
28:53 Light Cavalry
31:31 Iron Casting
48:32 Hand Cart
53:13 Bow Saw
youtube.com/@Murkwilect
5:37 Loom
18:53 Feudal Age
20:25 Wheelbarrow
25:09 Double-Bit Axe
25:14 Horse Collar
26:23 Fletching
36:55 Castle Age
37:44 Bloodlines
38:05 Scale Barding Armor
38:31 Gold Mining
39:27 Bow Saw
48:14 Chain Barding Armor
Nwelt
4:22 Loom
14:50 Feudal Age
19:40 Castle Age
20:42 Fletching
20:53 Padded Archer Armor
22:33 Bodkin Arrow
23:28 Double-Bit Axe
23:25 Horse Collar
25:34 Leather Archer Armor
29:16 Ballistics
34:15 Bow Saw
37:05 Red Cliffs Tactics
42:46 Imperial Age
42:45 Wheelbarrow
41:56 Town Watch
43:43 Hand Cart
45:33 Conscription
45:54 Town Patrol
45:57 Heavy Plow
48:14 Guilds
50:48 Elite Fire Archer
51:45 Bracer
53:56 Forging
CazadorGT
7:37 Loom
9:54 Feudal Age
11:50 Double-Bit Axe
16:03 Fletching
16:49 Padded Archer Armor
20:41 Horse Collar
23:56 Castle Age
23:57 Crossbowman
24:33 Bodkin Arrow
25:57 Bow Saw
30:21 Heavy Plow
31:51 Wheelbarrow
33:03 Leather Archer Armor
38:43 Hand Cart
40:35 Forging
40:30 Scale Barding Armor
44:47 Imperial Age
43:49 Iron Casting
43:34 Chain Barding Armor
45:26 Chain Barding Armor
44:51 Arbalester
45:33 Bracer
47:17 Chemistry
47:02 Ballistics
49:07 Ring Archer Armor
49:45 Masonry
49:15 Treadmill Crane
49:40 Siege Engineers
49:30 Murder Holes
52:37 Blast Furnace
52:13 Plate Barding Armor
51:08 Elite Mameluke
52:18 Conscription
52:37 Thumb Ring
verbumdei76
1:04 Loom
11:13 Feudal Age
11:21 Man-at-Arms
18:59 Bloodlines
20:40 Forging
27:59 Fletching
29:57 Horse Collar
32:18 Double-Bit Axe
36:41 Castle Age
35:13 Gold Mining
35:44 Scale Barding Armor
35:30 Arson
36:49 Scale Mail Armor
37:04 Long Swordsman
40:54 Iron Casting
40:27 Husbandry
43:39 Town Watch
46:31 Pikeman
49:14 Wheelbarrow
50:32 Chain Barding Armor
rodolfo casas noten¨o
8:36 Loom
18:27 Feudal Age
20:07 Double-Bit Axe
27:00 Horse Collar
33:43 Castle Age
34:31 Fletching
36:15 Wheelbarrow
46:46 Ballistics
46:55 Gold Mining
47:19 Padded Archer Armor
50:07 Gold Shaft Mining
51:13 Bodkin Arrow
51:50 Crossbowman
53:32 Leather Archer Armor
dejame_ganar
6:35 Loom
9:37 Feudal Age
10:01 Double-Bit Axe
20:39 Castle Age
19:07 Forging
19:33 Bloodlines
20:25 Scale Barding Armor
21:16 Husbandry
21:58 Iron Casting
34:46 Chain Barding Armor
36:37 Wheelbarrow
35:47 Town Watch
52:00 Imperial Age
49:45 Hand Cart
51:50 Cavalier
54:39 Blast Furnace
54:15 Plate Barding Armor
Connection lost

Rejoining the realm…

Still unreachable

The connection could not be restored.

Session expired

The server has moved on; the page needs a fresh start.